 Dungeon Crawl Stone Soup version 0.24.0-125-gc4c63601f3 (webtiles) character file.

Game seed: 10859471521651301138, levelgen mode: deterministic

2878 Adamkad1 the Basher (level 9, -3/81 HPs)
             Began as a Troll Hunter on Mar 14, 2020.
             Was an Initiate of Trog.
             Killed from afar by an electric eel (9 damage)
             ... with a bolt of electricity
             ... on level 7 of the Dungeon.
             The game lasted 00:13:57 (7677 turns).

Adamkad1 the Basher (Troll Hunter)                  Turns: 7677, Time: 00:13:58

Health: -3/81      AC:  9    Str: 25    XL:     9   Next: 48%
Magic:  8/8        EV: 10    Int:  7    God:    Trog [......]
Gold:   391        SH:  0    Dex: 10    Spells: 8/8 levels left

rFire    + . .     SeeInvis .   b - +2 giant spiked club
rCold    + . .     Gourm    +   (shield currently unavailable)
rNeg     . . .     Faith    .   t - +2 robe {rC+ rF+}
rPois    .         Spirit   .   j - +1 hat
rElec    .         Reflect  .   q - scarf {cloud immunity}
rCorr    .         Harm     .   (gloves unavailable)
MR       .....                  (boots unavailable)
Stlth    +.........             i - amulet of rage
HPRegen  0.63/turn              k - ring of flight
MPRegen  0.11/turn              (no ring)

@: berserk cooldown, slowed, very slow
A: large, unfitting armour, claws 3, fast metabolism 3, gourmand, regeneration
1, shaggy fur 1, tough skin 3
a: Renounce Religion, Evoke Berserk Rage, Evoke Flight


You were on level 7 of the Dungeon.
You worshipped Trog.
Trog was noncommittal.
You were very hungry.

You visited 2 branches of the dungeon, and saw 8 of its levels.

You collected 391 gold pieces.

Inventory:

Hand Weapons
 b - a +2 giant spiked club (weapon)
 g - a +0 club
 l - a +0 flail
 m - a +1 whip
Missiles
 c - 4 large rocks (quivered)
 d - 2 throwing nets
 x - 5 boomerangs of dispersal
Armour
 j - a +1 hat (worn)
 q - a scarf of cloud immunity (worn)
 t - a +2 robe of resistance (worn)
Jewellery
 i - an amulet of rage (around neck)
 k - a ring of flight (left claw)
Wands
 z - a wand of polymorph (10)
Scrolls
 o - a scroll of teleportation
 s - 4 scrolls of remove curse
 v - a scroll of holy word {unknown}
Potions
 a - a potion of heal wounds
 e - 4 potions of magic
 h - a potion of might {unknown}
 n - 2 potions of lignification
 p - 3 potions of flight
 r - a potion of degeneration {unknown}
 u - 3 potions of ambrosia
 w - 3 potions of curing
Comestibles
 f - 9 rations


   Skills:
 - Level 3.1 Fighting
 * Level 10.2 Maces & Flails
 - Level 5.3 Throwing
 - Level 3.0 Dodging
 - Level 0.3 Stealth
 - Level 2.2 Unarmed Combat


You had 8 spell levels left.
You didn't know any spells.
Your spell library contained the following spells:

 Spells                   Type           Power        Failure   Level  Hunger
 Beastly Appendage        Tmut           #.....       43%         1    ##.....
 Magic Dart               Conj           #...         43%         1    ##.....
 Blink                    Tloc           N/A          56%         2    ###....
 Call Imp                 Summ           #.......     56%         2    ###....
 Slow                     Hex            #.......     56%         2    ###....
 Sticks to Snakes         Tmut           #.......     56%         2    ###....
 Conjure Flame            Conj/Fire      #.......     80%         3    ####...
 Mephitic Cloud           Conj/Pois/Air  #.......     80%         3    ####...
 Spider Form              Tmut/Pois      #.........   80%         3    ####...
 Ice Form                 Ice/Tmut       #.......     99%         4    #####..
 Blade Hands              Tmut           #.........   100%        5    ######.


Dungeon Overview and Level Annotations

Branches:
Dungeon (7/15)             Temple (1/1) D:5

Altars:
Cheibriados
Dithmenos
Elyvilon
Hepliaklqana
Kikubaaqudgha
Makhleb
Nemelex Xobeh
Okawaru
Trog
Uskayaw
Vehumet
Wu Jian
Yredelemnul
Zin

Shops:
D:4 :=   D:5 :   D:6 !(([

Annotations:
D:7 1 runed translucent door, Thomus's ghost, novice DECj


Innate Abilities, Weirdness & Mutations

You are too large for most types of armour.
You have claws for hands.
Your metabolism is lightning-fast.
You like to eat raw meat.
Your natural rate of healing is unusually fast.
You are covered in fur. (AC +1)
You have extremely tough skin. (AC +3)


Message History

The bolt of electricity hits the plant.
The bolt of electricity misses you.
The electric eel shoots out a bolt of lightning at you!
The bolt of electricity hits the plant!
The bolt of electricity hits you!
The electric eel shoots out a bolt of lightning at you!
The bolt of electricity hits the plant!
The bolt of electricity misses you.
The electric eel shoots out a bolt of lightning at you!
The bolt of electricity hits the plant!
The plant is destroyed!
The bolt of electricity hits the plant.
The bolt of electricity hits you.
* * * LOW HITPOINT WARNING * * *
The electric eel shoots out a bolt of lightning at you!
The bolt of electricity hits the plant!
The bolt of electricity misses you.
The electric eel shoots out a bolt of lightning at you!
The bolt of electricity hits you!
* * * LOW HITPOINT WARNING * * *
The bolt of electricity hits you!
* * * LOW HITPOINT WARNING * * *
The electric eel shoots out a bolt of lightning at you!
The bolt of electricity hits the plant!
The bolt of electricity hits you!
You die...

≈P#.# ♣P.≈PP# ≈.#.#
#♣♣≈.≈P≈♣ P...#
♣P≈≈.≈≈≈♣#
P##.##♣≈≈≈.PP≈≈# ###
.##.#.≈≈≈≈.≈P;P######
### ##.##
###.#.P≈≈≈.≈≈;P.....#
##.###...#
....#.≈P≈≈.≈≈♣......#
#.#.......
##....#≈≈≈.≈≈#.#.##.#
##.###...#
#....)..P≈.♣##.#@##.#
#.# ##.##
##....###...##.#.##.#
#÷# ###
##.#.......##......#
#.#####
#.##########.#.##.#
#.....# #.# #......#
#.###.# ##'##
###.#### #.###.#
##...## #.# #...#.# #
#.....## ####.#
#.#.#.### .......##
##§##.# ####.#.#.##.


You could see an electric eel.

Vanquished Creatures
  2 hippogriffs (D:7)
  2 yaks (D:7)
  2 hogs (D:7)
  A human (D:7)
  A hungry ghost (D:7)
  A sky beast (D:5)
  An ice beast (D:7)
  5 ogres
  4 centaurs
  2 bullfrogs (D:7)
  A scorpion (D:6)
  A howler monkey (D:6)
  An electric eel (D:7)
  A crimson imp (D:6)
  A bullfrog skeleton (D:7)
  2 orc priests
  2 orc wizards
  Jessica (D:3)
  2 iguanas
  3 worker ants
  A killer bee zombie (D:7)
  4 gnolls (D:5)
  3 adders
  2 oozes
  2 adder skeletons (D:4)
  3 worms
  3 leopard geckos
  14 orcs
  2 giant cockroaches (D:1)
  7 hobgoblins
  9 jackals
  10 kobolds
  4 quokkas
  A ball python (D:4)
  8 bats
  6 frilled lizards
  3 goblins
  A leopard gecko skeleton (D:4)
  2 quokka skeletons
  4 rats
125 creatures vanquished.

Vanquished Creatures (others)
  2 plants (D:7)
2 creatures vanquished.

Grand Total: 127 creatures vanquished

Notes
Turn   | Place    | Note
-------+----------+-------------------------------------------
     0 | D:1      | Adamkad1 the Troll Hunter began the quest for the Orb.
     0 | D:1      | Reached XP level 1. HP: 19/19 MP: 0/0
   165 | D:1      | Reached XP level 2. HP: 22/28 MP: 1/1
   220 | D:1      | Reached skill level 1 in Unarmed Combat
  1166 | D:2      | Reached XP level 3. HP: 30/35 MP: 2/2
  1597 | D:2      | Noticed a +0 hand axe
  1597 | D:2      | Noticed a +0 hand axe
  1598 | D:2      | Found a hide-covered altar of Uskayaw.
  1685 | D:2      | Reached skill level 1 in Maces & Flails
  1685 | D:2      | Reached XP level 4. HP: 42/42 MP: 3/3
  2354 | D:3      | Noticed Jessica
  2363 | D:3      | Killed Jessica
  2577 | D:4      | Reached XP level 5. HP: 49/49 MP: 4/4
  2609 | D:4      | Found Osoraaha's Jewellery Emporium.
  2628 | D:4      | Reached skill level 2 in Maces & Flails
  2682 | D:4      | Found Zioris's Book Emporium.
  2750 | D:4      | Noticed an ogre
  2801 | D:5      | Entered Level 5 of the Dungeon
  2974 | D:4      | Killed an ogre
  2974 | D:4      | Reached XP level 6. HP: 13/58 MP: 5/5
  3109 | D:4      | Reached skill level 5 in Throwing
  3476 | D:4      | Reached skill level 3 in Maces & Flails
  3476 | D:4      | Reached XP level 7. HP: 64/66 MP: 6/6
  4152 | D:5      | Found Keasuuro's Book Boutique.
  4482 | D:5      | Reached skill level 4 in Maces & Flails
  4767 | D:5      | Found a staircase to the Ecumenical Temple.
  4802 | D:5      | Found a radiant altar of Vehumet.
  4845 | Temple   | Entered the Ecumenical Temple
  4879 | Temple   | Became a worshipper of Trog the Wrathful
  4932 | D:6      | Found Coop's Distillery.
  5162 | D:6      | Found Hylexyek's Armour Shop.
  5181 | D:6      | Found Peziqau's Antique Weapon Emporium.
  5282 | D:6      | Reached skill level 5 in Maces & Flails
  5461 | D:6      | Found Xoygh's Weapon Emporium.
  5874 | D:6      | Reached XP level 8. HP: 74/75 MP: 7/7
  5900 | D:6      | Found a shadowy altar of Dithmenos.
  6183 | D:7      | Reached skill level 6 in Maces & Flails
  6193 | D:7      | Reached skill level 7 in Maces & Flails
  6199 | D:7      | Reached skill level 8 in Maces & Flails
  6621 | D:7      | Reached XP level 9. HP: 78/81 MP: 8/8
  6805 | D:7      | Reached skill level 9 in Maces & Flails
  7278 | D:7      | Paralysed by fainting for 12 turns
  7372 | D:7      | Reached skill level 10 in Maces & Flails
  7429 | D:7      | Found a runed translucent door.
  7453 | D:7      | Noticed Thomus's ghost (novice DECj)
  7677 | D:7      | Killed from afar by an electric eel

Levels and vault maps discovered:
D:1:      wheals_arrival_linesprint, layout_basic
D:2:      layout_loops_ring, dancing_weapons_uskayaw
D:3:      layout_basic, uniq_jessica
D:4:      layout_basic, first_ration, serial_shops, nicolae_shop_crystal, shop
D:5:      layout_basic, lemuel_coloured_pillars_altar,
          minmay_temple_entry_overgrown, serial_shops, kennysheep_mini,
          minmay_holes, kennysheep_cross_room
D:6:      layout_basic, lemuel_doored_altar, serial_shops, kennysheep_mini_moat,
          shop, shop, shop_statue, serial_park_tiny_1
D:7:      layout_loops_corners, ebering_ghost_reflecting_pool, serial_bayou,
          serial_bayou_lagoon_b, serial_bayou_pond_c, serial_bayou_shore_b,
          serial_bayou_crossing, serial_bayou_pond_c, grunt_livestock
Temple:   minmay_temple_bridge_abc

Skill      XL: |  1  2  3  4  5  6  7  8  9 |
---------------+----------------------------+-----
Unarmed Combat | 1 2 |  2.2
Throwing       | 4 5 |  5.3
Fighting       | 2 3 |  3.1
Maces & Flails | 1 2 3 5 8 10 | 10.2
Dodging        | 2 3 |  3.0
Stealth        | |  0.3

Action                   |  1- 3 |  4- 6 |  7- 9 || total
-------------------------+-------+-------+-------++-------
Melee: Unarmed           |   103 |   121 |       ||   224
       Whip              |    14 |       |       ||    14
       Giant spiked club |       |   127 |   296 ||   423
Throw: Large rock        |       |       |     5 ||     5
 Abil: Evoke Berserk Rag |       |       |     2 ||     2
  Use: Scroll            |       |     9 |    12 ||    21
 Stab: Sleeping          |     1 |     1 |       ||     2
  Eat: Chunk             |    14 |    20 |    36 ||    70
       Ration            |       |       |     4 ||     4
Armor: Robe              |    34 |   133 |   181 ||   348
Dodge: Dodged            |    65 |   184 |   196 ||   445
